 Dungeon Crawl Stone Soup version 0.20.1-2-g1830e616b0 (webtiles) character file.

126 Alfie the Shooter (level 5, -13/39 HPs)
             Began as a Human Hunter on Jan 15, 2020.
             Killed by divine providence
             ... invoked by an orc priest
              (14 damage)
             ... on level 3 of the Dungeon.
             The game lasted 00:09:29 (2253 turns).

Alfie the Shooter (Human Hunter)                    Turns: 2253, Time: 00:09:30

Health: -13/39     AC:  4    Str: 11 (13) XL:     5   Next: 32%
Magic:  5/5        EV: 12    Int:  9 (11) God:
Gold:   100        SH:  0    Dex: 12 (14) Spells: 4/4 levels left

rFire    . . .     SeeInvis .   a - +1 shortbow
rCold    . . .     Gourm    .   (shield currently unavailable)
rNeg     . . .     Faith    .   c - +1 leather armour
rPois    .         Spirit   .   (no helmet)
rElec    .         Reflect  .   (no cloak)
rCorr    .         Harm     .   (no gloves)
MR       .....                  (no boots)
Stlth    +.........             (no amulet)
Regen    0.2/turn               (no ring)
MPRegen  0.1/turn               (no ring)

@: no status effects
A: no striking features
a: no special abilities


You were on level 3 of the Dungeon.
You were not hungry.

You visited 1 branch of the dungeon, and saw 3 of its levels.

You collected 100 gold pieces.

Inventory:

Hand Weapons
 a - a +1 shortbow (weapon)
 b - a +0 short sword
Missiles
 d - 18 arrows (quivered)
Armour
 c - a +1 leather armour (worn)
 i - a +0 cloak
Jewellery
 o - an uncursed amulet of harm
Scrolls
 j - 2 scrolls of amnesia
 k - a scroll of remove curse
Potions
 l - 3 potions of agility
Books
 h - a book of Minor Magic

   Spells                             Type                      Level
   a - Magic Dart                     Conjuration                  1
   b - Blink                          Translocation                2
   c - Call Imp                       Summoning                    2
   d - Slow                           Hexes                        2
   e - Conjure Flame                  Conjuration/Fire             3
   f - Mephitic Cloud                 Conjuration/Poison/Air       3
Comestibles
 f - a bread ration


   Skills:
 + Level 2.4 Fighting
 + Level 0.2 Short Blades
 + Level 5.6 Bows
 + Level 1.1 Armour
 + Level 2.1 Dodging
 + Level 1.4 Stealth


You had 4 spell levels left.
You didn't know any spells.

Dungeon Overview and Level Annotations

Branches:
Dungeon (3/15)

Altars:

Annotations:
D:2 Crazy Yiuf


Message History

The orc hits you.
* * * LOW HITPOINT WARNING * * *
The orc priest invokes the aid of Beogh against you.
Beogh smites you!
* * * LOW HITPOINT WARNING * * *
Firing (i - inventory):
d - 20 arrows (quivered)
Press: ? - help, Shift-Dir - straight line, f/p - orc
Aim: an orc, wearing a leather armour You shoot an arrow.
The arrow hits the orc.
The orc is almost dead.
The orc closely misses you.
Firing (i - inventory):
d - 19 arrows (quivered)
Press: ? - help, Shift-Dir - straight line, f/p - orc
Aim: an orc, wearing a leather armour (almost dead)
You shoot an arrow. The arrow closely misses the orc.
The arrow closely misses the orc priest.
The orc closely misses you. The orc wizard closely misses you.
The orc priest mumbles some strange prayers to Beogh against you.
Beogh smites you!
You die...

#.........#.#
(.#.##.####.#..
..#.##.####.#
(o#.##......#
#)#.#########
#o#.....#
#.#####.#
#.#####.###
#(oo@o....#
#######.#.#
#...# #####


You could see an orc priest, an orc wizard and an orc.

Vanquished Creatures
  6 adders
  2 worms (D:2)
  5 dart slugs
  4 orcs (D:3)
  2 bats (D:2)
  3 giant cockroaches
  6 goblins
  7 hobgoblins
  2 jackals (D:2)
  A quokka (D:3)
  A ball python (D:2)
  5 frilled lizards
  3 kobolds
  8 rats
55 creatures vanquished.

Notes
Turn   | Place    | Note
-------+----------+-------------------------------------------
     0 | D:1      | Alfie the Human Hunter began the quest for the Orb.
     0 | D:1      | Reached XP level 1. HP: 16/16 MP: 1/1
   128 | D:1      | Reached XP level 2. HP: 22/22 MP: 2/2
   608 | D:1      | Reached XP level 3. HP: 27/27 MP: 3/3
  1025 | D:2      | Reached XP level 4. HP: 25/33 MP: 4/4
  1043 | D:2      | Reached skill level 5 in Bows
  1698 | D:2      | Found a runed door.
  1702 | D:2      | Noticed Crazy Yiuf
  1717 | D:2      | Paralysed by Crazy Yiuf for 2 turns
  1931 | D:3      | Reached skill level 1 in Armour
  1931 | D:3      | Reached XP level 5. HP: 29/39 MP: 5/5
  2251 | D:3      | HP: 1/39 [orc priest/divine providence (7)]
  2253 | D:3      | Killed from afar by an orc priest

Skill      XL: |  1  2  3  4 |
---------------+-------------+-----
Bows           | 5 |  5.6
Armour         | 1 |  1.1
Fighting       | |  2.4
Short Blades   | |  0.2
Dodging        | |  2.1
Stealth        | |  1.4

Action                   |  1- 3 |  4- 6 || total
-------------------------+-------+-------++-------
Melee: Short sword       |       |     8 ||     8
 Fire: Shortbow          |    62 |   101 ||   163
  Use: Scroll            |       |     7 ||     7
       Potion            |       |     1 ||     1
  Eat: Royal jelly       |       |     2 ||     2
Armor: Leather armour    |     2 |     8 ||    10
Dodge: Dodged            |    14 |    33 ||    47
